 Dungeon Crawl Stone Soup version 0.26.1-10-gdfb7c7de75 (webtiles) character file.

Game seed: 16132395888445756078

49 phalm the Insei (level 3, -6/23 HPs)
             Began as an Octopode Transmuter on Apr 2, 2021.
             Mangled by Crazy Yiuf
             ... wielding a +3 quarterstaff of chaos
              (8 damage)
             ... on level 2 of the Dungeon.
             The game lasted 00:02:34 (1493 turns).

phalm the Insei (Octopode Transmuter)               Turns: 1493, Time: 00:02:35

Health: -6/23      AC:  1    Str: 10    XL:     3   Next: 75%
Magic:  5/6        EV: 13    Int: 15    God:
Gold:   58         SH:  0    Dex: 12    Spells: 2/6 levels left

rFire    . . .     SeeInvis .     - Unarmed
rCold    . . .     Faith    .   (no shield)
rNeg     . . .     Spirit   .   (helmet currently unavailable)
rPois    .         Reflect  .   (no amulet)
rElec    .         Harm     .   (no ring)
rCorr    .         Rampage  .   (no ring)
Will     .....                  (no ring)
Stlth    ++........             (no ring)
HPRegen  0.07/turn              (no ring)
MPRegen  0.10/turn              (no ring)
                                (no ring)
                                (no ring)

@: appendages
A: almost no armour, stealthy swim, amphibious, 8 rings, constrict 8, tentacle
spike 3, camouflage 1, gelatinous body 1
a: End Transformation


You were on level 2 of the Dungeon.
One of your tentacles had a temporary spike.
You visited 1 branch of the dungeon, and saw 2 of its levels.

You collected 58 gold pieces.

Inventory:

Missiles
 g - 22 poisoned darts (quivered)
Scrolls
 c - a scroll of blinking {unknown}
 d - 2 scrolls of remove curse {unknown}
 e - 2 scrolls of identify {unknown}
 f - 3 scrolls of enchant weapon {unknown}
Potions
 a - a potion of curing {unknown}
 b - 2 potions of cancellation {unknown}


   Skills:
 + Level 1.4 Fighting
 + Level 0.2 Throwing
 + Level 2.3 Dodging
 + Level 0.1 Stealth
 + Level 3.2 Unarmed Combat
 + Level 2.3 Spellcasting
 * Level 2.7 Transmutations
 * Level 0.4 Poison Magic


You had 2 spell levels left.
You knew the following spells:

 Your Spells              Type           Power        Failure   Level
a - Beastly Appendage     Tmut           18%          7%          1
b - Spider Form           Tmut/Pois      3%           32%         3

Your spell library contained the following spells:

 Spells                   Type           Power        Failure   Level
 Wereblood                Tmut           9%           11%         2
 Ice Form                 Ice/Tmut       5%           77%         4
 Blade Hands              Tmut           4%           89%         5


Dungeon Overview and Level Annotations

Branches:
Dungeon (2/15)

Altars:

Annotations:
D:2 Crazy Yiuf


Innate Abilities, Weirdness & Mutations

You cannot wear most types of armour.
You are very stealthy in the water. (Stealth+)
You are amphibious.
You can wear up to eight rings at the same time.
You can use your tentacles to constrict eight enemies at once.
Your skin changes colour to match your surroundings (Stealth+).
Your rubbery body absorbs attacks. (AC +1, EV +1)
One of your tentacles bears a large vicious spike.


Message History

You see here a runed mace.
Found a mace.
You see here a mace.
You see here a mace.
Found three maces.
You see here a mace.
As you open the door, it creaks loudly!
Crazy Yiuf shouts!
Crazy Yiuf zaps a wand.
The puff of flame hits you!
You close the door.
Casting: Beastly Appendage (safe; 7% risk of failure)
Confirm with . or Enter, or press ? or * to list all spells.
One of your tentacles grows a vicious spike.
Crazy Yiuf opens the door.
Crazy Yiuf zaps a wand.
The puff of flame hits you!
Ouch! That really hurt!
* * * LOW HITPOINT WARNING * * *
There is an open translucent door here.
You closely miss Crazy Yiuf. You grab Crazy Yiuf. You constrict Crazy Yiuf.
Crazy Yiuf hits you with a +3 quarterstaff of chaos!
You die...

#....# #[#
##.#.(#.
♣.P.P♣
#.####.#..#.
♣).P♣♣
#.##......#
♣♣)♣♣
#.........#
♣)♣♣
####.#.####
♣♣)♣ #.#...
♣)♣♣ #.#####
♣♣)♣ #.# #@#
..# #)g)#
### #)))#
#).)# #####


You could see Crazy Yiuf.

Vanquished Creatures
  An adder (D:2)
  A leopard gecko (D:1)
  2 bats (D:1)
  2 giant cockroaches (D:1)
  4 hobgoblins (D:1)
  11 jackals
  3 frilled lizards
  4 goblins (D:1)
  6 rats
34 creatures vanquished.

Notes
Turn   | Place    | Note
-------+----------+-------------------------------------------
     0 | D:1      | phalm the Octopode Transmuter began the quest for the Orb.
     0 | D:1      | Reached XP level 1. HP: 13/13 MP: 3/3
   319 | D:1      | Reached XP level 2. HP: 16/18 MP: 5/5
   794 | D:1      | Reached XP level 3. HP: 16/23 MP: 4/6
  1238 | D:2      | Learned a level 3 spell: Spider Form
  1484 | D:2      | Found a runed translucent door.
  1485 | D:2      | Noticed Crazy Yiuf
  1492 | D:2      | HP: 1/23 [Crazy Yiuf/puff of flame (12)]
  1493 | D:2      | Mangled by Crazy Yiuf

Illustrated notes

Levels and vault maps discovered:
D:1:      dpeg_arrival_concentric_ovals, layout_basic, glass_columns_a
D:2:      layout_loops_cross, uniq_natasha, uniq_robin, uniq_crazy_yiuf_cottage

Action                   || total
-------------------------++-------
Melee: Unarmed           ||    70
       Constrict         ||    18
       Kick              ||    11
       Tentacles         ||     8
       Punch             ||     3
Throw: Dart              ||    23
 Cast: Beastly Appendage ||     7
 Stab: Sleeping          ||     6
Armor: Skin              ||     2
Dodge: Dodged            ||    47
